TOP OF THE 1ST |
Oakland Athletics batting - Pitching for Boston Red Sox : RHP Chris Stratton
|
Pitching: RHP Chris Stratton
|
|
Batting: RHB DJ LeMahieu
|
0-0: Called Strike 0-1: Called Strike 0-2: Ball 1-2: Ball 2-2: Ball 3-2: DOUBLE (Line Drive, 89D)
|
Batting: LHB Herschel Powell
|
0-0: Swinging Strike 0-1: Ball 1-1: Ground out 4-3 (Groundball, 34D) DJ LeMahieu to third
|
Batting: RHB Guillermo Heredia
|
0-0: Ball 1-0: Called Strike 1-1: Ground out 5-3 (Groundball, 5L)
|
Batting: RHB Paul Goldschmidt
|
0-0: Ball 1-0: Ball 2-0: Called Strike 2-1: Foul Ball, location: 2F 2-2: Strikes out swinging
|
Top of the 1st over - 0 runs, 1 hit, 0 errors, 1 left on base; Oakland 0 - Boston 0 |
BOTTOM OF THE 1ST |
Boston Red Sox batting - Pitching for Oakland Athletics : RHP Chad Kuhl
|
Pitching: RHP Chad Kuhl
|
|
Batting: RHB Cesar Puello
|
0-0: Called Strike 0-1: Ball 1-1: Foul Ball, location: 2F 1-2: Strikes out looking
|
Batting: RHB Eduardo Nunez
|
0-0: Ball 1-0: Called Strike 1-1: Called Strike 1-2: Ball 2-2: Ground out 5-3 (Groundball, 5)
|
Batting: SHB Yangervis Solarte
|
0-0: Ball 1-0: Foul Ball, location: 2F 1-1: Ground out 4-3 (Groundball, 4)
|
Bottom of the 1st over - 0 runs, 0 hits, 0 errors, 0 left on base; Oakland 0 - Boston 0 |
TOP OF THE 2ND |
Oakland Athletics batting - Pitching for Boston Red Sox : RHP Chris Stratton
|
Batting: RHB Cam Gallagher
|
0-0: Swinging Strike 0-1: Ground out 6-3 (Groundball, 6M)
|
Batting: LHB Shin-Soo Choo
|
0-0: Ball 1-0: Ball 2-0: Called Strike 2-1: Foul Ball, location: 2F 2-2: Ball 3-2: Strikes out swinging
|
Batting: LHB Didi Gregorius
|
0-0: Ball 1-0: Ball 2-0: Foul Ball, location: 2F 2-1: Foul Ball, location: 2F 2-2: SOLO HOME RUN (Flyball, 78XD), Distance : 414 ft
|
Batting: RHB Chris Owings
|
0-0: Swinging Strike 0-1: Ball 1-1: Called Strike 1-2: Foul Ball, location: 2F 1-2: Foul Ball, location: 2F 1-2: Ball 2-2: Strikes out swinging
|
Top of the 2nd over - 1 run, 1 hit, 0 errors, 0 left on base; Oakland 1 - Boston 0 |
BOTTOM OF THE 2ND |
Boston Red Sox batting - Pitching for Oakland Athletics : RHP Chad Kuhl
|
Batting: LHB Matt Adams
|
0-0: Ball 1-0: Ball 2-0: Fly out, F8 (Line Drive, 8RD)
|
Batting: RHB Yasiel Puig
|
0-0: Ball 1-0: Called Strike 1-1: Called Strike 1-2: Ball 2-2: Ground out 1-3 (Groundball, P)
|
Batting: LHB Derek Dietrich
|
0-0: Ball 1-0: Fly out, F9 (Line Drive, 9)
|
Bottom of the 2nd over - 0 runs, 0 hits, 0 errors, 0 left on base; Oakland 1 - Boston 0 |
TOP OF THE 3RD |
Oakland Athletics batting - Pitching for Boston Red Sox : RHP Chris Stratton
|
Batting: LHB Max Schrock
|
0-0: Foul Ball, location: 2F 0-1: Ground out 6-3 (Groundball, 6M)
|
Batting: RHB DJ LeMahieu
|
0-0: Bunt for hit - play at first, batter OUT! 1-3
|
Batting: LHB Herschel Powell
|
0-0: Called Strike 0-1: Ball 1-1: Ball 2-1: Fly out, F7 (Line Drive, 7S)
|
Top of the 3rd over - 0 runs, 0 hits, 0 errors, 0 left on base; Oakland 1 - Boston 0 |
BOTTOM OF THE 3RD |
Boston Red Sox batting - Pitching for Oakland Athletics : RHP Chad Kuhl
|
Batting: LHB Jackie Bradley Jr.
|
0-0: Ball 1-0: SOLO HOME RUN (Flyball, 7D), Distance : 370 ft
|
Batting: RHB Travis d'Arnaud
|
0-0: Ground out 5-3 (Groundball, 56S)
|
Batting: LHB Daniel Descalso
|
0-0: Called Strike 0-1: Ground out 1-3 (Groundball, P)
|
Batting: RHB Cesar Puello
|
0-0: Ball 1-0: Ball 2-0: Called Strike 2-1: Foul Ball, location: 2F 2-2: Ground out 6-3 (Groundball, 6)
|
Bottom of the 3rd over - 1 run, 1 hit, 0 errors, 0 left on base; Oakland 1 - Boston 1 |
TOP OF THE 4TH |
Oakland Athletics batting - Pitching for Boston Red Sox : RHP Chris Stratton
|
Batting: RHB Guillermo Heredia
|
0-0: Foul Ball, location: 2F 0-1: SINGLE (Groundball, 56D)
|
Batting: RHB Paul Goldschmidt
|
0-0: Foul Ball, location: 2F 0-1: Ball Guillermo Heredia steals 2nd base 1-1: Foul Ball, location: 2F 1-2: Ball 2-2: Strikes out looking
|
Batting: RHB Cam Gallagher
|
0-0: Ball 1-0: Called Strike 1-1: Swinging Strike 1-2: Ball 2-2: Foul Ball, location: 2F 2-2: Ball 3-2: Strikes out swinging
|
Batting: LHB Shin-Soo Choo
|
0-0: Ball 1-0: Foul Ball, location: 2F 1-1: Ball 2-1: Swinging Strike 2-2: Ground out 4-3 (Groundball, 4M)
|
Top of the 4th over - 0 runs, 1 hit, 0 errors, 1 left on base; Oakland 1 - Boston 1 |
BOTTOM OF THE 4TH |
Boston Red Sox batting - Pitching for Oakland Athletics : RHP Chad Kuhl
|
Batting: RHB Eduardo Nunez
|
0-0: Ball 1-0: DOUBLE (Line Drive, 7LM)
|
Batting: SHB Yangervis Solarte
|
0-0: Ball 1-0: Called Strike 1-1: Swinging Strike 1-2: Strikes out swinging
|
Batting: LHB Matt Adams
|
0-0: Swinging Strike 0-1: Ball 1-1: Ball 2-1: Swinging Strike 2-2: Strikes out swinging
|
Batting: RHB Yasiel Puig
|
0-0: Foul Ball, location: 2F 0-1: Ball 1-1: Ball 2-1: Ball 3-1: Swinging Strike 3-2: Foul Ball, location: 2F 3-2: Base on Balls
|
Batting: LHB Derek Dietrich
|
0-0: Called Strike 0-1: Ball 1-1: Foul Ball, location: 2F 1-2: Ball 2-2: Ball 3-2: Strikes out looking
|
Bottom of the 4th over - 0 runs, 1 hit, 0 errors, 2 left on base; Oakland 1 - Boston 1 |
TOP OF THE 5TH |
Oakland Athletics batting - Pitching for Boston Red Sox : RHP Chris Stratton
|
Batting: LHB Didi Gregorius
|
0-0: Called Strike 0-1: SOLO HOME RUN (Flyball, 9D), Distance : 409 ft
|
Batting: RHB Chris Owings
|
0-0: Fly out, F9 (Flyball, 9LS)
|
Batting: LHB Max Schrock
|
0-0: Ball 1-0: Foul Ball, location: 2F 1-1: Foul Ball, location: 2F 1-2: Strikes out looking
|
Batting: RHB DJ LeMahieu
|
0-0: Ball 1-0: Ball 2-0: Called Strike 2-1: Called Strike 2-2: SINGLE (Line Drive, 8RS)
|
Batting: LHB Herschel Powell
|
0-0: Called Strike 0-1: Ball 1-1: Ball 2-1: Hit by Pitch DJ LeMahieu to second
|
Batting: RHB Guillermo Heredia
|
0-0: Ball 1-0: Ball 2-0: Foul Ball, location: 2F 2-1: Foul Ball, location: 2F 2-2: Foul Ball, location: 2F 2-2: Foul Ball, location: 2F 2-2: Strikes out looking
|
Top of the 5th over - 1 run, 2 hits, 0 errors, 2 left on base; Oakland 2 - Boston 1 |
BOTTOM OF THE 5TH |
Boston Red Sox batting - Pitching for Oakland Athletics : RHP Chad Kuhl
|
Batting: LHB Jackie Bradley Jr.
|
0-0: Foul Ball, location: 2F 0-1: Swinging Strike 0-2: Ball 1-2: Strikes out looking
|
Batting: RHB Travis d'Arnaud
|
0-0: Ball 1-0: Ground out 5-3 (Groundball, 56)
|
Batting: LHB Daniel Descalso
|
0-0: Ground out 6-3 (Groundball, 6)
|
Bottom of the 5th over - 0 runs, 0 hits, 0 errors, 0 left on base; Oakland 2 - Boston 1 |
TOP OF THE 6TH |
Oakland Athletics batting - Pitching for Boston Red Sox : RHP Chris Stratton
|
Pitching: RHP Dan Otero
|
|
Batting: RHB Paul Goldschmidt
|
0-0: Ball 1-0: Called Strike 1-1: Ball 2-1: Foul Ball, location: 2F 2-2: Ball 3-2: Foul Ball, location: 2F 3-2: Foul Ball, location: 2F 3-2: Foul Ball, location: 2F 3-2: Ground out 4-3 (Groundball, 4)
|
Batting: RHB Cam Gallagher
|
0-0: Ball 1-0: Foul Ball, location: 2F 1-1: Foul Ball, location: 2F 1-2: Foul Ball, location: 2F 1-2: Fly out, F8 (Flyball, 8RS)
|
Batting: LHB Shin-Soo Choo
|
0-0: Ball 1-0: Ball 2-0: Called Strike 2-1: Called Strike 2-2: Fly out, F7 (Flyball, 7S)
|
Top of the 6th over - 0 runs, 0 hits, 0 errors, 0 left on base; Oakland 2 - Boston 1 |
BOTTOM OF THE 6TH |
Boston Red Sox batting - Pitching for Oakland Athletics : RHP Chad Kuhl
|
Batting: RHB Cesar Puello
|
0-0: Fly out, F9 (Flyball, 9S)
|
Batting: RHB Eduardo Nunez
|
0-0: SOLO HOME RUN (Flyball, 8LXD), Distance : 415 ft
|
Batting: SHB Yangervis Solarte
|
0-0: Ball 1-0: Ball 2-0: Called Strike 2-1: Fly out, F4 (Popup, 4)
|
Batting: LHB Matt Adams
|
0-0: Called Strike 0-1: Foul Ball, location: 2F 0-2: Fly out, F6 (Popup, P)
|
Bottom of the 6th over - 1 run, 1 hit, 0 errors, 0 left on base; Oakland 2 - Boston 2 |
TOP OF THE 7TH |
Oakland Athletics batting - Pitching for Boston Red Sox : RHP Dan Otero
|
Pitching: RHP Liam Hendriks
|
|
Batting: LHB Didi Gregorius
|
0-0: Ball 1-0: Foul Ball, location: 2F 1-1: Ball 2-1: Ball 3-1: Foul Ball, location: 2F 3-2: Foul Ball, location: 2F 3-2: Foul Ball, location: 2F 3-2: Foul Ball, location: 2F 3-2: Base on Balls
|
Batting: RHB Chris Owings
|
0-0: Called Strike 0-1: Called Strike 0-2: Strikes out swinging
|
Batting: LHB Max Schrock
|
0-0: Ball 1-0: Fly out, F9 (Flyball, 9LMF)
|
Batting: RHB DJ LeMahieu
|
0-0: Called Strike 0-1: Foul Ball, location: 2F 0-2: Strikes out swinging
|
Top of the 7th over - 0 runs, 0 hits, 0 errors, 1 left on base; Oakland 2 - Boston 2 |
BOTTOM OF THE 7TH |
Boston Red Sox batting - Pitching for Oakland Athletics : RHP Chad Kuhl
|
Batting: RHB Yasiel Puig
|
0-0: Foul Ball, location: 2F 0-1: Ball 1-1: Fly out, F6 (Popup, 6M)
|
Batting: LHB Derek Dietrich
|
0-0: Ball 1-0: SINGLE (Flyball, 7S)
|
Batting: LHB Jackie Bradley Jr.
|
0-0: Ball 1-0: Called Strike 1-1: Foul Ball, location: 2F 1-2: Strikes out looking
|
Batting: RHB Travis d'Arnaud
|
0-0: Ball 1-0: Foul Ball, location: 2F 1-1: Foul Ball, location: 2F 1-2: Ball 2-2: Ball 3-2: Foul Ball, location: 2F 3-2: SINGLE (Groundball, 4MD) Derek Dietrich to second Derek Dietrich to third
|
Batting: LHB Daniel Descalso
|
0-0: Called Strike 0-1: DOUBLE (Flyball, 8RXD) Derek Dietrich scores Travis d'Arnaud to third Runner from 3rd tries for Home, SAFE, no throw
|
Pitching: LHP Justin Jacome
|
|
Batting: RHB Cesar Puello
|
0-0: Intentional Walk
|
Batting: RHB Eduardo Nunez
|
0-0: Ball 1-0: Foul Ball, location: 2F 1-1: Ball 2-1: Ball 3-1: Base on Balls Daniel Descalso to third Cesar Puello to second
|
Batting: SHB Yangervis Solarte
|
0-0: Ball 1-0: Foul Ball, location: 2F 1-1: Fly out, F8 (Line Drive, 8RM)
|
Bottom of the 7th over - 2 runs, 3 hits, 0 errors, 3 left on base; Oakland 2 - Boston 4 |
TOP OF THE 8TH |
Oakland Athletics batting - Pitching for Boston Red Sox : RHP Liam Hendriks
|
Pitching: RHP Oliver Drake
|
|
Batting: LHB Herschel Powell
|
0-0: Ball 1-0: Ground out 5-3 (Groundball, 56S)
|
Batting: RHB Guillermo Heredia
|
0-0: Called Strike 0-1: Ball 1-1: Swinging Strike 1-2: Strikes out swinging
|
Batting: RHB Paul Goldschmidt
|
0-0: Called Strike 0-1: Called Strike 0-2: Strikes out swinging
|
Top of the 8th over - 0 runs, 0 hits, 0 errors, 0 left on base; Oakland 2 - Boston 4 |
BOTTOM OF THE 8TH |
Boston Red Sox batting - Pitching for Oakland Athletics : LHP Justin Jacome
|
Batting: LHB Matt Adams
|
0-0: Ball 1-0: Called Strike 1-1: Ball 2-1: Foul Ball, location: 2F 2-2: SINGLE (Line Drive, 9S)
|
Batting: RHB Yasiel Puig
|
0-0: Ball 1-0: Foul Ball, location: 2F 1-1: Ball 2-1: SINGLE (Line Drive, 78S) Matt Adams to second
|
Pinch Hitting: RHB Yoenis Cespedes
|
0-0: Called Strike 0-1: Ball 1-1: Ball 2-1: Foul Ball, location: 2F 2-2: Foul Ball, location: 2F 2-2: Ground out 6-3 (Groundball, 4MD) Matt Adams to third Yasiel Puig to second
|
Batting: LHB Jackie Bradley Jr.
|
0-0: Called Strike 0-1: Ground out 4-3 (Groundball, 4)
|
Batting: RHB Travis d'Arnaud
|
0-0: Intentional Walk
|
Batting: LHB Daniel Descalso
|
0-0: Ball 1-0: Ball 2-0: Ball 3-0: Base on Balls Matt Adams scores Yasiel Puig to third Travis d'Arnaud to second
|
Batting: RHB Cesar Puello
|
0-0: Fly out, F9 (Line Drive, 9D)
|
Bottom of the 8th over - 1 run, 2 hits, 0 errors, 3 left on base; Oakland 2 - Boston 5 |
TOP OF THE 9TH |
Oakland Athletics batting - Pitching for Boston Red Sox : RHP Oliver Drake
|
Pitching: RHP Edwin Diaz
|
|
Now in LF: Yoenis Cespedes
|
|
Batting: RHB Cam Gallagher
|
0-0: Called Strike 0-1: Swinging Strike 0-2: Foul Ball, location: 2F 0-2: Strikes out swinging
|
Batting: LHB Shin-Soo Choo
|
0-0: Ball 1-0: SOLO HOME RUN (Flyball, 7D), Distance : 374 ft
|
Batting: LHB Didi Gregorius
|
0-0: Ball 1-0: Ball 2-0: Ball 3-0: Called Strike 3-1: Called Strike 3-2: Foul Ball, location: 2F 3-2: Base on Balls
|
Batting: RHB Chris Owings
|
0-0: SINGLE (Groundball, 56D) Didi Gregorius to second
|
Batting: LHB Max Schrock
|
0-0: Ball 1-0: Foul Ball, location: 2F 1-1: Ball 2-1: Called Strike 2-2: Foul Ball, location: 2F 2-2: Ball 3-2: Strikes out swinging
|
Batting: RHB DJ LeMahieu
|
0-0: Called Strike 0-1: Foul Ball, location: 2F 0-2: Ground out 4-3 (Groundball, 4)
|
Top of the 9th over - 1 run, 2 hits, 0 errors, 2 left on base; Oakland 3 - Boston 5 |
|